 Dungeon Crawl Stone Soup version 0.28-a0-850-g09de17f5b5 (webtiles) character file.

Game seed: 12003251677294113529

959 Astera the Slasher (level 8, -1/61 HPs)
             Began as a Formicid Fighter on Nov 14, 2021.
             Was a Priest of Elyvilon.
             Slain by a killer bee (3 damage)
             ... on level 9 of the Dungeon.
             The game lasted 00:12:02 (6716 turns).

Astera the Slasher (Formicid Fighter)               Turns: 6716, Time: 00:12:03

Health: -1/61      AC:  8    Str: 24    XL:     8   Next: 37%
Magic:  6/8        EV: 10    Int:  7    God:    Elyvilon [***...]
Gold:   274        SH:  5    Dex: 10    Spells: 7/7 levels left

rFire   . . .      SeeInvis +   u - +1 falchion (elec)
rCold   . . .      Faith    .   c - +0 buckler
rNeg    . . .      Spirit   .   b - +0 scale mail
rPois   .          Reflect  .   (helmet unavailable)
rElec   .          Harm     .   p - +0 cloak
rCorr   .          Rampage  .   (no gloves)
Will    .....                   (no boots)
Stlth   ..........              (no amulet)
HPRegen 0.20/turn               (no ring)
MPRegen 0.11/turn               (no ring)

@: no status effects
A: permanent stasis, dig shafts and tunnels, antennae 3, four strong arms
a: Dig, Shaft Self, Renounce Religion, Purification, Heal Other, Heal Self


You were on level 9 of the Dungeon.
You worshipped Elyvilon.
Elyvilon was most pleased with you.
You visited 1 branch of the dungeon, and saw 7 of its levels.

You collected 274 gold pieces.

Inventory:

Hand Weapons
 k - a +0 long sword of protection
 u - a +1 falchion of electrocution (weapon)
Missiles
 i - a throwing net
Armour
 b - a +0 scale mail (worn)
 c - a +0 buckler (worn)
 p - a +0 cloak (worn)
Wands
 j - a wand of polymorph (11)
 v - a wand of iceblast (7)
 w - a wand of flame (23)
Scrolls
 f - 4 scrolls of identify {unknown}
 h - a scroll of silence {unknown}
 m - 4 scrolls of noise {unknown}
 n - 2 scrolls of teleportation {unknown}
 o - a scroll of enchant weapon {unknown}
 q - 3 scrolls of enchant armour {unknown}
 r - 2 scrolls of amnesia {unknown}
 t - a scroll of fear {unknown}
Potions
 a - a potion of magic {unknown}
 d - 2 potions of might
 e - a potion of flight {unknown}
 g - a potion of curing {unknown}
 l - a potion of heal wounds {unknown}
 s - a potion of cancellation {unknown}


   Skills:
 + Level 4.7 Fighting
 + Level 6.2 Long Blades
 + Level 5.9 Armour
 + Level 2.0 Dodging
 + Level 1.5 Stealth
 + Level 5.0 Shields


You had 7 spell levels left.
You didn't know any spells.
Your spell library contained the following spells:

 Spells                   Type           Power      Damage    Failure   Level
 Animate Skeleton         Necr           0%         N/A       71%         1
 Apportation              Tloc           0%         N/A       71%         1
 Summon Small Mammal      Summ           0%         N/A       71%         1


Dungeon Overview and Level Annotations

Branches:
Dungeon (6/15)             Temple (0/1) D:4

Altars:
Elyvilon
Wu Jian


Innate Abilities, Weirdness & Mutations

You cannot be hasted, slowed, berserked, paralysed or teleported.
You can dig through walls and to a lower floor.
You have a pair of large antennae on your head. (SInv)
Your four strong arms can wield two-handed weapons with a shield.


Message History

You hit the sky beast.
The sky beast is severely wounded.
The black bear bites you but does no damage.
The black bear barely misses you. x2; The sky beast misses you.
You closely miss the sky beast.
The sky beast is severely wounded.
The black bear bites you but does no damage.
The black bear claws you.
The black bear claws you but does no damage.
You closely miss the sky beast.
The sky beast is severely wounded.
The sky beast hits you.
* * * LOW HITPOINT WARNING * * *
The sky beast shocks you.
* * * LOW HITPOINT WARNING * * *
The black bear bites you.
* * * LOW HITPOINT WARNING * * *
The black bear claws you but does no damage.
The black bear closely misses you.
Are you sure you want to shaft yourself?
The sky beast closely misses you.
The black bear bites you but does no damage.
The black bear claws you but does no damage. x2
You begin to dig a shaft.
You continue digging a shaft.
You block the sky beast's attack. You block the black bear's attack.
The black bear closely misses you. The black bear claws you.
* * * LOW HITPOINT WARNING * * *
A shaft appears beneath you!
You fall into a shaft and drop 3 floors!
The shaft crumbles and collapses.
The killer bee buzzes angrily. x5
The killer bee stings you.
* * * LOW HITPOINT WARNING * * *
You are lethally poisoned!
The killer bee poisons you! The killer bee stings you.
* * * LOW HITPOINT WARNING * * *
The killer bee stings you but does no damage.
The killer bee closely misses you. The killer bee barely misses you.
You feel purified! The killer bee barely misses you. The killer bee stings you.
You die...

###########
..........
#........#
#......yy#
{ #@.# #yy#
#y.# #y.#
#..# ...#
#.... #.###
..


You could see 6 killer bees.

Vanquished Creatures
  Sigmund (D:2)
  Eustachio (D:4)
  A centaur (D:4)
  2 orc priests (D:6)
  A hound (D:6)
  Crazy Yiuf (D:2)
  2 jellies (D:5)
  2 bullfrog skeletons (D:5)
  A centaur skeleton (D:6)
  2 iguanas (D:5)
  A scorpion zombie (D:5)
  A hound skeleton (D:3)
  Robin (D:3)
  6 adders
  6 gnolls
  2 adder skeletons
  2 worms (D:3)
  3 dart slugs
  10 orcs
  6 ball pythons
  6 endoplasms
  4 giant cockroaches
  12 goblins
  8 hobgoblins
  5 kobolds
  8 quokkas
  5 bats
  3 frilled lizards
  5 rats
108 creatures vanquished.

Notes
Turn   | Place    | Note
-------+----------+-------------------------------------------
     0 | D:1      | Astera the Formicid Fighter began the quest for the Orb.
     0 | D:1      | Reached XP level 1. HP: 18/18 MP: 1/1
   516 | D:1      | Reached XP level 2. HP: 21/24 MP: 2/2
   930 | D:1      | Reached XP level 3. HP: 20/29 MP: 3/3
  1038 | D:1      | Found a faded altar of an unknown god.
  1058 | D:1      | Prayed at the altar of an unknown god.
  1058 | D:1      | Became a worshipper of Elyvilon the Healer
  1058 | D:1      | Reached * piety under Elyvilon
  1299 | D:2      | Noticed Sigmund
  1311 | D:2      | You fall into a shaft and drop 1 floor!
  1993 | D:2      | Reached XP level 4. HP: 35/35 MP: 4/4
  1993 | D:2      | Noticed Robin
  2005 | D:2      | You fall into a shaft and drop 1 floor!
  2660 | D:3      | Reached skill level 3 in Long Blades
  2718 | D:3      | Reached ** piety under Elyvilon
  2912 | D:3      | HP: 1/37 [hobgoblin[Robin] (4)]
  3035 | D:3      | Killed Robin
  3410 | D:2      | Reached XP level 5. HP: 42/42 MP: 5/5
  3737 | D:2      | Found an ornate altar of the Wu Jian Council.
  3991 | D:2      | Killed Sigmund
  3992 | D:2      | Reached skill level 4 in Long Blades
  3992 | D:2      | Reached skill level 1 in Dodging
  3992 | D:2      | Reached XP level 6. HP: 40/48 MP: 6/6
  4057 | D:2      | Found a runed translucent door.
  4058 | D:2      | Noticed Crazy Yiuf
  4256 | D:2      | Killed Crazy Yiuf
  4983 | D:4      | Reached skill level 1 in Stealth
  4983 | D:4      | Reached XP level 7. HP: 25/54 MP: 7/7
  5220 | D:4      | Found a staircase to the Ecumenical Temple.
  5281 | D:4      | Reached *** piety under Elyvilon
  5311 | D:4      | Noticed Eustachio
  5326 | D:4      | Killed Eustachio
  5327 | D:4      | Reached skill level 5 in Long Blades
  5327 | D:4      | Reached skill level 5 in Armour
  5642 | D:5      | Entered Level 5 of the Dungeon
  5923 | D:5      | Reached XP level 8. HP: 61/61 MP: 8/8
  6399 | D:6      | Reached skill level 6 in Long Blades
  6399 | D:6      | Reached skill level 5 in Shields
  6714 | D:6      | You fall into a shaft and drop 3 floors!
  6715 | D:9      | HP: 2/61 [killer bee (2)]
  6716 | D:9      | Slain by a killer bee

Illustrated notes

Levels and vault maps discovered:
D:1:      amcnicky_arrival_choice, layout_basic,
          shapermc_ecumenical_altar_starsandcircs, serial_bayou_pond_e
D:2:      layout_rooms, basic_altar, serial_park_tiny_2, uniq_sigmund,
          uniq_crazy_yiuf_cottage, uniq_robin
D:3:      layout_loops_ring, minmay_fountain_box
D:4:      layout_rooms, minmay_temple_entry_mini_moons, uniq_eustachio
D:5:      layout_rooms, serial_curves, eino_curves_03, eino_curves_01
D:6:      cheibrodos_iron_armory, layout_cave_pools
D:9:      layout_loops_ring, david_lair_generic, orc_0_dummy

Skill      XL: |  1  2  3  4  5  6  7  8 |
---------------+-------------------------+-----
Shields        | 4 5 |  5.0
Armour         | 4 5 |  5.9
Long Blades    | 3 4 5 6 |  6.2
Fighting       | 4 |  4.7
Dodging        | 1 2 |  2.0
Stealth        | 1 |  1.5

Action                   |  1- 3 |  4- 6 |  7- 9 || total
-------------------------+-------+-------+-------++-------
Melee: Long sword        |   100 |   171 |    29 ||   300
       Falchion          |       |       |   100 ||   100
Invok: Purification      |       |       |     1 ||     1
 Abil: Dig               |     1 |       |       ||     1
       Shaft Self        |     1 |     1 |     1 ||     3
Armor: Scale mail        |    45 |   112 |    65 ||   222
Dodge: Dodged            |    56 |   107 |    87 ||   250
Block: Buckler           |    21 |    51 |    28 ||   100

Table legend: (Time is in decaauts)
 A = Elapsed time spent in this place.
 B = Non-inter-level travel time spent in this place.
 C = Inter-level travel time spent in this place.
 D = Time resting spent in this place.
 E = Time spent auto-exploring this place.
 F = Levels seen in this place.
 G = Mean time per level.
                   A        B        C        D        E       F      G
               +--------+--------+--------+--------+--------+-----+--------+
         Total |   6799 |   6573 |    226 |   2016 |   3106 |   7 |  971.3 |
       Dungeon |   6799 |   6573 |    226 |   2016 |   3106 |   7 |  971.3 |
               +--------+--------+--------+--------+--------+-----+--------+

Top non-repeatable levels by time:
     D:3: 2370 daAuts
     D:1: 1369 daAuts
     D:2: 1250 daAuts
     D:5: 750 daAuts
     D:4: 735 daAuts
     D:6: 322 daAuts
     D:9: 1 daAuts
